 Dungeon Crawl Stone Soup version 0.31-a0-202-g547052bce9 (webtiles) character file.

Game seed: 4425047450776931424

51 qw the Shooter (level 3, -2/20 HPs)
             Began as a Deep Elf Hunter on June 26, 2023.
             Slain by a hobgoblin (3 damage)
             ... led by Robin
             ... on level 1 of the Dungeon.
             The game lasted 00:00:20 (787 turns).

qw the Shooter (Deep Elf Hunter)                     Turns: 787, Time: 00:00:21

Health: -2/20      AC:  5    Str: 10    XL:     3   Next: 58%
Magic:  5/5        EV: 11    Int: 13    God:
Gold:   37         SH:  0    Dex: 18    Spells: 2/2 levels left

rFire   . . .        Y - +0 shortbow
rCold   . . .        (shield currently unavailable)
rNeg    . . .        a - +0 ring mail
rPois   .            (no helmet)
rElec   .            (no cloak)
rCorr   .            (no gloves)
SInv    .            (no boots)
Will    .....        (no amulet)
Stlth   +            (no ring)
HPRegen 0.23/turn    (no ring)
MPRegen 0.09/turn

%: no passive effects
@: no status effects
A: no striking features
a: no special abilities


You were on level 1 of the Dungeon.
You visited 1 branch of the dungeon, and saw 2 of its levels.

You collected 37 gold pieces.


   Skills:
 - Level 1.5 Fighting
 + Level 7.1 Ranged Weapons
 - Level 2.4 Dodging
 - Level 1.2 Stealth


You had 2 spell levels left.
You didn't know any spells.
Your spell library was empty.

Inventory:

Hand Weapons
 Y - a +0 shortbow (weapon)
Armour
 a - a +0 ring mail (worn)
Jewellery
 b - a ring of fire
Potions
 e - a potion of lignification {unknown}

Dungeon Overview and Level Annotations

Branches:
Dungeon (2/15)

Altars:

Shops:
D:1 =   D:2 =

Annotations:
D:1 Robin
D:2 Terence


Message History

Where to? (* - list waypoints, Enter - D:2, ? - help)
What level of the Dungeon? (default 1, ? - help)
There is a stone staircase leading up here.
You climb upwards.
There is a stone staircase leading down here.
Enter note:
Enter note:
Enter note:
Enter note:
There is a stone staircase leading down here.
You climb downwards.
Robin shouts!
The hobgoblin shouts!
The goblin shouts!
The adder hisses angrily.
The hobgoblin shouts! x2; The goblin shouts! x2
The endoplasm quivers.
You hear a shout!
You hear an angry hiss.
The hobgoblin hits you.
Robin roars a battlecry!
The goblins go into a battle-frenzy!
The hobgoblin shouts!
The goblin shouts! x2
Found 6 gold pieces and a scroll of fear.
There is a stone staircase leading up here.
You shoot an arrow. The arrow completely misses Robin.
The arrow barely misses the hobgoblin.
A bat comes into view.
The goblin misses you. The hobgoblin hits you.
The hobgoblin closely misses you. The goblin misses you.
The hobgoblin hits you but does no damage.
The goblin hits you but does no damage.
The bat moves out of view.
785 ||| STAIRDANCE The hobgoblin hits you.
The goblin hits you but does no damage.
The hobgoblin hits you but does no damage.
The hobgoblin hits you. The goblin hits you with a +0 dagger.
The goblin closely misses you. The hobgoblin hits you.
You climb upwards.
There is a stone staircase leading down here.
You shoot an arrow.
The arrow hits Robin but does no damage.
The goblin hits you with a +0 dagger. The hobgoblin hits you.
The hobgoblin barely misses you. The hobgoblin hits you.
You die...

##%# #.......# #.#
#..########.#### #.#
#.##........# #.# #.#........)#
#.# #### ####.#.........# #.#
...# #....#...#.....#########.#
...####........##g#............##
..............###g#..###########.
%.............gg@g...# #.#
...............ggg##.## ##.
...####...#########...# #. ...#
#...# #...# #. #### ##.######
#...# #> #.......# #...# ###.
#######.......# #...# #...
..........#.#.#####...########.#.
..........###...............##.#.


You could see Robin, 4 hobgoblins and 3 goblins.

Vanquished Creatures
  A gnoll (D:1)
  An adder (D:2)
  A dart slug (D:1)
  A ball python (D:1)
  A bat (D:1)
  5 endoplasms
  A giant cockroach (D:1)
  7 goblins (D:1)
  2 hobgoblins (D:1)
  A kobold (D:2)
  3 quokkas (D:1)
  A rat (D:1)
25 creatures vanquished.

Notes
Turn   | Place    | Note
-------+----------+-------------------------------------------
     0 | D:1      | qw the Deep Elf Hunter began the quest for the Orb.
     0 | D:1      | Reached XP level 1. HP: 12/12 MP: 3/3
     0 | D:1      | 0 ||| qw: Version: 0.3-a-22-g0ed2b0b
     0 | D:1      | 0 ||| qw: Game counter: 6324
     0 | D:1      | 0 ||| qw: Melee chars always use a shield: true
     0 | D:1      | 0 ||| qw: God list: Okawaru
     0 | D:1      | 0 ||| qw: Allow faded altars: false
     0 | D:1      | 0 ||| qw: Do Orc after clearing Dungeon:15 true
     0 | D:1      | 0 ||| qw: Do second Lair branch before Depths: true
     0 | D:1      | 0 ||| qw: Lair rune preference: random
     0 | D:1      | 0 ||| qw: Goals: Normal
     0 | D:1      | 0 ||| PLANNING D:1-11
    82 | D:1      | Found a faded altar of an unknown god.
   125 | D:1      | Reached XP level 2. HP: 16/16 MP: 4/4
   158 | D:1      | Reached skill level 6 in Ranged Weapons
   215 | D:1      | Found Ucvoakho's Jewellery Boutique.
   221 | D:1      | 221 ||| SHOPLISTING +6 ring of dexterity (468 gold, have
                  | 12).
   221 | D:1      | 221 ||| SHOPLISTING Hermit's Pendant {Faith Invo=14 Evo=0
                  | MP+5} (747 gold, have 12).
   221 | D:1      | 221 ||| SHOPLISTING amulet of faith (520 gold, have 12).
   221 | D:1      | 221 ||| SHOPLISTING ring of protection from fire (325 gold,
                  | have 12).
   221 | D:1      | 221 ||| SHOPLISTING ring of resist corrosion (260 gold,
                  | have 12).
   221 | D:1      | 221 ||| SHOPLISTING ring of willpower (325 gold, have 12).
   301 | D:1      | Reached XP level 3. HP: 20/20 MP: 5/5
   609 | D:1      | 609 ||| Stepping ~*~*~tactically~*~*~ (water).
   627 | D:1      | 627 ||| READING scroll labelled GAJ SAUDOP.
   628 | D:1      | 628 ||| READING scroll labelled XEKHLI RIECWORI.
   629 | D:1      | 629 ||| READING scroll labelled CYFYAS VOGG.
   630 | D:1      | 630 ||| DRINKING 2 fizzy silvery potions.
   631 | D:1      | 631 ||| DROPPING scroll of butterflies.
   632 | D:1      | 632 ||| DROPPING potion of invisibility.
   687 | D:2      | Reached skill level 7 in Ranged Weapons
   689 | D:2      | Found Ziletuz's Jewellery Boutique.
   710 | D:2      | 710 ||| SHOPLISTING +4 ring of slaying (1014 gold, have
                  | 37).
   710 | D:2      | 710 ||| SHOPLISTING amulet of reflection (390 gold, have
                  | 37).
   710 | D:2      | 710 ||| SHOPLISTING ring "Zatus" {Will+ rCorr Dex+3 Stlth-}
                  | (487 gold, have 37).
   710 | D:2      | 710 ||| SHOPLISTING ring of positive energy (260 gold, have
                  | 37).
   710 | D:2      | 710 ||| SHOPLISTING ring of protection from cold (325 gold,
                  | have 37).
   710 | D:2      | 710 ||| SHOPLISTING ring of protection from fire (325 gold,
                  | have 37).
   710 | D:2      | 710 ||| SHOPLISTING ring of see invisible (195 gold, have
                  | 37).
   729 | D:2      | 729 ||| UPGRADING to +0 ring mail.
   739 | D:2      | 739 ||| DROPPING +0 leather armour.
   783 | D:2      | Noticed Robin
   785 | D:2      | 785 ||| STAIRDANCE
   785 | D:2      | Noticed Terence
   785 | D:2      | HP: 4/20 [hobgoblin[Robin] (4)]
   787 | D:1      | HP: 1/20 [hobgoblin[Robin] (1)]
   787 | D:1      | Slain by a hobgoblin

Levels and vault maps discovered:
D:1:      ldierk_walled_garden, layout_loops_cross,
          chequers_ecumenical_altar_lobes, serial_shops, shop
D:2:      layout_basic, basic_altar, serial_shops, nicolae_shop_peninsula,
          uniq_robin, uniq_terence

Skill      XL: |  1  2  3 |
---------------+----------+-----
Ranged Weapons | 6 7 |  7.1
Fighting       | |  1.5
Dodging        | |  2.4
Stealth        | |  1.2

Action                     || total
---------------------------++-------
   Fire: Shortbow          ||    71
    Use: Scroll            ||     3
         Potion            ||     1
 Armour: Leather armour    ||     4
         Ring mail         ||     4
  Dodge: Dodged            ||    12

Table legend:
 A = Non-vault XP
 B = Vault XP
 C = Vault XP percentage of total XP
 D = Non-vault monster count
 E = Vault monster count
 F = Vault count percentage of total count
                 A         B        C        D         E       F
            +---------+---------+-------+---------+---------+-------
      Total |      74 |       0 |   0.0 |      25 |       0 |   0.0
            +---------+---------+-------+---------+---------+-------
        D:1 |      57 |       0 |   0.0 |      22 |       0 |   0.0
        D:2 |      17 |       0 |   0.0 |       3 |       0 |   0.0
            +---------+---------+-------+---------+---------+-------
